 Dungeon Crawl Stone Soup version 0.29-a0-299-g4c793a2ed2 (webtiles) character file.

Game seed: 9394818312507812699

105 kae the Firebug (level 4, -1/25 HPs)
             Began as a Tengu Fire Elementalist on Mar 24, 2022.
             Slain by a goblin
             ... wielding a +0 dagger
             ... led by Robin
              (3 damage)
             ... on level 2 of the Dungeon.
             The game lasted 00:01:35 (2781 turns).

kae the Firebug (Tengu Fire Elementalist)           Turns: 2781, Time: 00:01:36

Health: -1/25      AC:  2    Str: 15    XL:     4   Next: 81%
Magic:  8/8        EV: 12    Int: 17    God:
Gold:   138        SH:  0    Dex: 14    Spells: 2/8 levels left

rFire   . . .      SeeInvis .   d - +2 dagger (venom)
rCold   . . .      Faith    .   (no shield)
rNeg    . . .      Spirit   .   a - +0 robe
rPois   .          Reflect  .   (helmet restricted)
rElec   .          Harm     .   (no cloak)
rCorr   .          Rampage  .   (no gloves)
Will    .....                   (boots unavailable)
Stlth   ++........              (no amulet)
HPRegen 0.08/turn               e - +6 ring of strength
MPRegen 0.11/turn               (no ring)

@: no status effects
A: beak, talons 3
a: no special abilities


You were on level 2 of the Dungeon.
You visited 1 branch of the dungeon, and saw 2 of its levels.

You collected 138 gold pieces.

Inventory:

Hand Weapons
 d - a +2 dagger of venom (weapon)
Armour
 a - a +0 robe (worn)
Jewellery
 e - a +6 ring of strength (left hand)
Scrolls
 c - 2 scrolls of teleportation {unknown}
 g - a scroll of fear {unknown}
 i - a scroll of enchant weapon {unknown}
 k - a scroll of amnesia {unknown}
 n - 2 scrolls of identify {unknown}
 o - a scroll of blinking {unknown}
Potions
 b - a potion of magic
 f - 2 potions of berserk rage {unknown}
 h - a potion of mutation {unknown}
 j - a potion of curing {unknown}
 l - a potion of attraction {unknown}
 m - a potion of haste {unknown}


   Skills:
 + Level 1.5 Fighting
 + Level 2.8 Dodging
 - Level 2.0 Stealth
 + Level 2.5 Spellcasting
 + Level 2.4 Conjurations
 * Level 4.4 Fire Magic


You had 2 spell levels left.
You knew the following spells:

 Your Spells              Type           Power      Damage    Failure   Level
a - Foxfire               Conj/Fire      52%        2x1d6     4%          1
b - Scorch                Fire           34%        2d7       4%          2
c - Conjure Flame         Conj/Fire      13%        6-21      14%         3

Your spell library contained the following spells:

 Spells                   Type           Power      Damage    Failure   Level
 Freeze                   Ice            8%         1d3       19%         1
 Inner Flame              Hex/Fire       9%         N/A       22%         3
 Ignite Poison            Fire/Tmut/Pois 7%         N/A       30%         3
 Flame Wave               Conj/Fire      13%        2d6       41%         4
 Sticky Flame             Conj/Fire      13%        2d4       41%         4
 Frozen Ramparts          Ice            4%         1d2       50%         3
 Hailstorm                Conj/Ice       6%         3d4       73%         4
 Summon Cactus Giant      Summ           1%         N/A       100%        6


Dungeon Overview and Level Annotations

Branches:
Dungeon (2/15)

Altars:


Innate Abilities, Weirdness & Mutations

You have a beak for a mouth.
You have claws for feet.


Message History

The goblin attacks as you move away!
The goblin hits you with a +0 dagger. x2
The goblin hits you with a +0 dagger. The goblin attacks as you move away!
The goblin closely misses you. The goblin attacks as you move away!
The goblin closely misses you.
The goblin no longer looks unusually strong.
The goblin attacks as you move away! The goblin hits you but does no damage.
The goblin no longer looks unusually strong.
The goblin attacks as you move away! The goblin hits you but does no damage.
The goblin attacks as you move away! The goblin hits you with a +0 dagger.
The goblin attacks as you move away! The goblin misses you.
Things that are here:
a +0 dagger; a goblin corpse The goblin attacks as you move away!
The goblin closely misses you.
Items here: )) ††.
You see here a +0 club.
The goblin attacks as you move away! The goblin hits you but does no damage.
There is a stone staircase leading down here.
You hit the goblin.
The goblin is poisoned.
Your peck misses the goblin.
The goblin is heavily wounded.
The goblin hits you with a +0 dagger.
* * * LOW HITPOINT WARNING * * *
You hit the goblin.
You kill the goblin!
You hit the goblin.
The goblin is poisoned.
You claw the goblin.
The goblin is severely wounded.
The goblin hits you with a +0 dagger.
* * * LOW HITPOINT WARNING * * *
You hit the goblin.
You kill the goblin!
You closely miss the goblin. Your peck misses the goblin.
The goblin closely misses you.
You hit the goblin.
You kill the goblin!
You barely miss the goblin. The goblin hits you with a +0 dagger.
* * * LOW HITPOINT WARNING * * *
You hit the goblin.
The goblin is poisoned.
Your kick misses the goblin. Your peck misses the goblin.
The goblin is moderately wounded.
The goblin hits you with a +0 dagger.
You die...

### #.###### #....... #.####.#
######### #.# #.#
###.......################.# #.#
..........))).>g@..........####.#
.............###############.##.#
[.#.......##.######......###<##.#
..#########......................
..# #....########.##.###..).# ###
#.#.##...........##.....#
#.#.##.######.#####.###.#
#.#.##.#..............###
#.#.##.#†####.#####.#.###


You could see a goblin (very poisoned).

Vanquished Creatures
  Robin (D:2)
  3 adders (D:2)
  2 worms (D:2)
  A dart slug (D:1)
  6 ball pythons
  2 bats (D:1)
  7 endoplasms
  3 giant cockroaches (D:2)
  11 goblins
  4 hobgoblins (D:1)
  3 jackals (D:2)
  3 kobolds
  3 frilled lizards
  3 rats
52 creatures vanquished.

Vanquished Creatures (others)
  153 foxfires
153 creatures vanquished.

Grand Total: 205 creatures vanquished

Notes
Turn   | Place    | Note
-------+----------+-------------------------------------------
     0 | D:1      | kae the Tengu Fire Elementalist began the quest for the
                  | Orb.
     0 | D:1      | Reached XP level 1. HP: 10/10 MP: 4/4
   380 | D:1      | Reached XP level 2. HP: 10/16 MP: 0/6
   939 | D:1      | Found a faded altar of an unknown god.
  1256 | D:1      | Reached XP level 3. HP: 18/20 MP: 4/7
  1263 | D:1      | Learned a level 2 spell: Scorch
  1267 | D:1      | Learned a level 3 spell: Conjure Flame
  1393 | D:2      | Reached skill level 1 in Fighting
  1472 | D:2      | Reached skill level 4 in Fire Magic
  1883 | D:2      | Reached XP level 4. HP: 25/25 MP: 2/8
  2605 | D:2      | Noticed Robin
  2741 | D:2      | Killed Robin
  2781 | D:2      | Slain by a goblin

Illustrated notes

Levels and vault maps discovered:
D:1:      beargit_arrival_diablo_church, layout_loops_corners,
          ebering_ecumenical_altar_rust
D:2:      layout_basic, basic_altar, uniq_robin

Skill      XL: |  1  2  3 |
---------------+----------+-----
Conjurations   | 2 |  2.4
Fighting       | 1 |  1.5
Fire Magic     | 4 |  4.4
Dodging        | |  2.8
Stealth        | |  2.0
Spellcasting   | |  2.5

Action                   |  1- 3 |  4- 6 || total
-------------------------+-------+-------++-------
Melee: Unarmed           |     2 |       ||     2
       Kick              |     3 |     2 ||     5
       Dagger            |     7 |    15 ||    22
       Peck              |       |     2 ||     2
 Cast: Foxfire           |    60 |    28 ||    88
Armor: Robe              |    11 |     7 ||    18
Dodge: Dodged            |    34 |    13 ||    47

Table legend: (Time is in decaauts)
 A = Elapsed time spent in this place.
 B = Non-inter-level travel time spent in this place.
 C = Inter-level travel time spent in this place.
 D = Time resting spent in this place.
 E = Time spent auto-exploring this place.
 F = Levels seen in this place.
 G = Mean time per level.
                   A        B        C        D        E       F      G
               +--------+--------+--------+--------+--------+-----+--------+
         Total |   2779 |   2767 |     12 |      5 |   2352 |   2 | 1389.5 |
       Dungeon |   2779 |   2767 |     12 |      5 |   2352 |   2 | 1389.5 |
               +--------+--------+--------+--------+--------+-----+--------+

Top non-repeatable levels by time:
     D:2: 1447 daAuts
     D:1: 1332 daAuts
